 Dungeon Crawl Stone Soup version 0.23.2-40-g277498a (webtiles) character file.

Game seed: 13562588118618526993

107 Fang the Skirmisher (level 4, -1/29 HPs)
             Began as a Gargoyle Berserker on Oct 18, 2019.
             Was a Believer of Trog.
             Slain by Sigmund
             ... wielding a +0 scythe
              (10 damage)
             ... on level 3 of the Dungeon.
             The game lasted 00:01:54 (1542 turns).

Fang the Skirmisher (Gargoyle Berserker)            Turns: 1542, Time: 00:01:54

Health: -1/29      AC: 12    Str: 22    XL:     4   Next: 86%
Magic:  4/4        EV:  8    Int:  7    God:    Trog [**....]
Gold:   64         SH:  0    Dex:  9    Spells: 3/3 levels left

rFire    . . .     SeeInvis .   a - +0 hand axe
rCold    . . .     Gourm    .   (no shield)
rNeg     + . .     Faith    .   b - +0 chain mail
rPois    ∞         Spirit   .   (no helmet)
rElec    +         Reflect  .   (no cloak)
rCorr    .         Harm     .   (no gloves)
MR       .....                  (no boots)
Stlth    ..........             (no amulet)
HPRegen  0.09/turn              (no ring)
MPRegen  0.09/turn              (no ring)

@: berserk cooldown, slowed, very slow
A: negative energy resistance 1, electricity resistance, unbreathing,
petrification resistance, rot immunity, AC +3
a: Berserk, Trog's Hand, Renounce Religion


You were on level 3 of the Dungeon.
You worshipped Trog.
Trog was pleased with you.
You were very hungry.

You visited 1 branch of the dungeon, and saw 3 of its levels.

You collected 64 gold pieces.

Inventory:

Hand Weapons
 a - a +0 hand axe (weapon)
Armour
 b - a +0 chain mail (worn)
Jewellery
 p - an uncursed ring of flight {unknown}
Scrolls
 e - a scroll of identify {unknown}
 g - 3 scrolls of teleportation {unknown}
 k - a scroll of enchant armour {unknown}
 m - a scroll of magic mapping {unknown}
 n - a scroll of enchant weapon {unknown}
 r - a scroll of remove curse {unknown}
Potions
 f - a potion of resistance {unknown}
 h - a potion of haste {unknown}
 i - a potion of magic {unknown}
 j - 2 potions of curing {unknown}
 l - 2 potions of might {unknown}
 o - a potion of heal wounds {unknown}
 q - a potion of brilliance {unknown}
 s - a potion of mutation {unknown}
Comestibles
 c - 6 rations
 d - 6 chunks of flesh


   Skills:
 + Level 4.1 Fighting
 + Level 3.4 Axes
 + Level 3.2 Armour
 + Level 2.4 Dodging


You had 3 spell levels left.
You didn't know any spells.
Your spell library was empty.

Dungeon Overview and Level Annotations

Branches:
Dungeon (3/15)

Altars:
Yredelemnul
The Shining One

Annotations:
D:3 Sigmund


Innate Abilities, Weirdness & Mutations

You are resistant to torment.
Your stone body is resilient. (AC +3)
You are immune to poison.
You resist negative energy. (rN+)
You are resistant to electric shocks. (rElec)
You can survive without breathing.
You are immune to petrification.
You are immune to rotting.


Message History

Something hits you.
You hit something but do no damage. Something hits you but does no damage.
You miss something. Something hits you but does no damage. Something hits you!
You miss something.
You hear some strange, mumbled words.
A magic dart appears from out of thin air!
The magic dart hits you but does no damage.
You barely miss something. Something hits you but does no damage.
You hit something.
You hear some strange, mumbled words.
You are confused.
Something hits you but does no damage. Something hits you.
You bump into the rock wall.
Something hits you but does no damage.
You bump into the rock wall.
Something hits you but does no damage.
You bump into the rock wall.
Something hits you but does no damage.
You bump into the rock wall.
You feel less confused. Something hits you!
You die...

#.# #.# #.####.#
######### #.#.....
#......># #.#.##.# #..
#..####.#.##.# #.#
#...........# #.#
#..#########. ####{##
##.## #.
#....@###.(##### #.
#.##............. #.
#[##.##.......[###.
#.##....##............
#.......##.........##.
#.......##....... ##
#................
#.......###......
#.......#


There were no monsters in sight!

Vanquished Creatures
  3 gnolls (D:2)
  2 adders
  2 worms (D:3)
  A dart slug (D:2)
  A leopard gecko (D:1)
  2 orcs (D:3)
  3 giant cockroaches
  8 goblins
  7 hobgoblins
  3 jackals (D:2)
  5 kobolds
  6 bats
  2 frilled lizards
  5 rats
50 creatures vanquished.

Notes
Turn   | Place    | Note
-------+----------+-------------------------------------------
     0 | D:1      | Fang the Gargoyle Berserker began the quest for the Orb.
     0 | D:1      | Reached XP level 1. HP: 14/14 MP: 1/1
   114 | D:1      | Reached XP level 2. HP: 19/19 MP: 2/2
   440 | D:1      | Reached XP level 3. HP: 15/23 MP: 3/3
   844 | D:2      | Reached ** piety under Trog
   851 | D:2      | Reached XP level 4. HP: 29/29 MP: 4/4
  1195 | D:2      | Reached skill level 4 in Fighting
  1307 | D:2      | Found a basalt altar of Yredelemnul.
  1309 | D:2      | Noticed a profane servitor
  1314 | D:2      | Found a glowing golden altar of the Shining One.
  1316 | D:2      | Noticed an angel
  1514 | D:3      | Noticed Sigmund
  1542 | D:3      | Slain by Sigmund

Skill      XL: |  1  2  3  4 |
---------------+-------------+-----
Axes           | 3 |  3.4
Dodging        | 2 |  2.4
Armour         | 3 |  3.2
Fighting       | 4 |  4.1

Action                   |  1- 3 |  4- 6 || total
-------------------------+-------+-------++-------
Melee: Hand axe          |    66 |   113 ||   179
Invok: Berserk           |     1 |     1 ||     2
  Eat: Chunk             |       |     3 ||     3
Armor: Animal skin       |    14 |       ||    14
       Chain mail        |     2 |    79 ||    81
Dodge: Dodged            |    52 |    47 ||    99
